 Dungeon Crawl Stone Soup version 0.20-a0-433-g9e36e56 (webtiles) character file.

100 AlphabetPasta the Slasher (level 4, -1/42 HPs)
             Began as a Naga Monk on Jan 4, 2017.
             Slain by a gnoll
             ... wielding a +0 flail
              (13 damage)
             ... on level 2 of the Dungeon.
             The game lasted 00:08:55 (1302 turns).

AlphabetPasta the Slasher (Naga Monk)               Turns: 1302, Time: 00:08:56

Health: -1/42      AC:  2    Str: 14    XL:     4   Next: 74%
Magic:  4/4        EV: 11    Int: 11    God:
Gold:   58         SH:  0    Dex: 13    Spells: 3/3 levels left

rFire  . . .     SeeInvis +     a - +0 falchion
rCold  . . .     Gourm    .     b - +0 robe
rNeg   . . .     Faith    .     (no shield)
rPois  +         Spirit   .     (no helmet)
rElec  .         Reflect  .     (no cloak)
rCorr  .         Harm     .     (no gloves)
MR     .....                    (no barding)
Stlth  ++........               (no amulet)
                                (no ring)
                                (no ring)

@: very slow
A: see invisible, deformed body, poison resistance, slowness 2, slow metabolism
1, spit poison 1, AC +1
a: Spit Poison


You were on level 2 of the Dungeon.
You were not hungry.

You visited 1 branch of the dungeon, and saw 2 of its levels.

You collected 58 gold pieces.

Inventory:

Hand Weapons
 a - a +0 falchion (weapon)
Armour
 b - a +0 robe (worn)
Jewellery
 k - an uncursed amulet of regeneration {unknown}
Potions
 e - a potion of might {unknown}
 f - a potion of cure mutation {unknown}
Comestibles
 c - 3 bread rations
 d - a royal jelly
 g - a slice of pizza
 h - a fruit
 l - 2 chunks of flesh


   Skills:
 + Level 3.4 Fighting
 * Level 4.0 Long Blades
 + Level 1.1 Throwing
 + Level 1.2 Armour
 + Level 2.7 Dodging
 - Level 3.0 Stealth


You had 3 spell levels left.
You didn't know any spells.

Dungeon Overview and Level Annotations

Branches:
Dungeon (2/15)

Altars:
Hepliaklqana


Innate Abilities, Weirdness & Mutations

You cannot wear boots.
Your serpentine skin is tough. (AC +1)
You have supernaturally acute eyesight. (SInv)
Armour fits poorly on your strangely shaped body.
Your system is resistant to poisons. (rPois)
You cover ground very slowly.
You have a slow metabolism.
You can spit poison.


Message History

Okay, then.
Press: ? - help, Shift-Dir - straight line, f/p - gnoll
Aim: a gnoll, wielding a halberd (severely wounded)
The splash of poison hits the gnoll.
You kill the gnoll!
You feel slightly more hungry. The gnoll barely misses you.
You riposte.
You hit the gnoll.
The gnoll is heavily wounded.
The gnoll hits you with a flail!
* * * LOW HITPOINT WARNING * * *
Okay, then.
You have got your breath back.
Press: ? - help, Shift-Dir - straight line, f - gnoll
Aim: a gnoll, wielding a flail (heavily wounded)
The splash of poison hits the gnoll.
The gnoll is poisoned.
The gnoll is severely wounded.
You feel slightly more hungry. The gnoll misses you.
You have got your breath back.
The gnoll hits you with a flail!
You die...

,.#...,,,,,,,,,,,,,.##..#..#*,,,,
,......,,,,,,,,,,,,,...#..##*,,,,
,......,,,,,,******,.......##,,,,
.......******* #####.#......,,,*
.......### ######._?......#**,,**
...#.....###...)..)##.#.#.# *,**,
##.......<...########...#.##***,,
....(...(...########........#*,,,
*###............@g.........##,,,≈
,....##<.....#.###.#......##,,,≈≈
*#......%....$.....###.####8,,≈≈,
##.................#*,.# *,,,≈,,
#.g.####..#......%.#,,## *,,,≈,*
#..#* #..##........,** *,,,,,*
.<.# ##..,........,* *,,,≈,* ..##
*.####......,******,,,≈,, ..#
*..***,,,,,,,,,,,,*8,,≈≈,


You could see a gnoll.

Vanquished Creatures
  3 gnolls
  2 adders (D:2)
  An ooze (D:1)
  5 dart slugs
  A leopard gecko (D:2)
  3 giant cockroaches
  5 goblins
  3 hobgoblins (D:1)
  3 bats (D:1)
  3 frilled lizards (D:1)
  4 kobolds (D:1)
  7 rats
40 creatures vanquished.

Notes
Turn   | Place    | Note
-------+----------+-------------------------------------------
     0 | D:1      | AlphabetPasta the Naga Monk began the quest for the Orb.
     0 | D:1      | Reached XP level 1. HP: 21/21 MP: 1/1
    70 | D:1      | Reached XP level 2. HP: 21/28 MP: 2/2
   390 | D:1      | Reached XP level 3. HP: 32/34 MP: 3/3
   664 | D:1      | Reached skill level 1 in Armour
   861 | D:2      | Found a hazy altar of Hepliaklqana.
   913 | D:2      | Reached skill level 1 in Throwing
   913 | D:2      | Reached XP level 4. HP: 30/42 MP: 4/4
  1129 | D:1      | Reached skill level 4 in Long Blades
  1302 | D:2      | Slain by a gnoll

Vault maps used:
D:1:      dpeg_arrival_chase, minmay_unequal
D:2:      overflow_temple_1_default, first_bread, grunt_ministairs_15,
          kennysheep_donut, corexii_item_surrounded_by_moat

Skill      XL: |  1  2  3  4 |
---------------+-------------+-----
Armour         | 1 |  1.2
Throwing       | 1 |  1.1
Long Blades    | 4 |  4.0
Fighting       | |  3.4
Dodging        | |  2.7
Stealth        | |  3.0

Action                   |  1- 3 |  4- 6 || total
-------------------------+-------+-------++-------
Melee: Falchion          |    33 |    16 ||    49
 Abil: Spit Poison       |    35 |    10 ||    45
  Use: Scroll            |     3 |       ||     3
 Stab: Sleeping          |     1 |       ||     1
  Eat: Chunk             |     2 |     1 ||     3
Armor: Robe              |     8 |     3 ||    11
Dodge: Dodged            |    29 |    21 ||    50
       Rpst.: Falchion   |     6 |     4 ||    10
